 Dungeon Crawl Stone Soup version 0.29-a0-308-g4e025c60ea (webtiles) character file.

Game seed: 14580335377518132686

3290 KristoblXynda the Carver (level 9, -36/81 HPs)
             Began as a Red Draconian Gladiator on Mar 28, 2022.
             Was an Initiate of Gozag.
             Annihilated by a boulder beetle (44 damage)
             ... on level 7 of the Dungeon.
             The game lasted 00:11:59 (8514 turns).

KristoblXynda the Carver (Red Draconian Gladiator)  Turns: 8514, Time: 00:12:00

Health: -36/81     AC: 18    Str: 19    XL:     9   Next: 69%
Magic:  9/9        EV: 14    Int: 10    God:    Gozag
Gold:   679        SH:  0    Dex: 13    Spells: 5/8 levels left

rFire   + . .      SeeInvis +   a - +0 long sword
rCold   . . .      Faith    .   (no shield)
rNeg    . . .      Spirit   .   (body armour unavailable)
rPois   .          Reflect  .   b - +0 hat
rElec   .          Harm     .   h - +0 cloak
rCorr   .          Rampage  .   y - +2 pair of gloves {Stlth+}
Will    .....                   B - +2 pair of boots {Stlth+}
Stlth   +++.......              (no amulet)
HPRegen 0.23/turn               e - ring of see invisible
MPRegen 0.11/turn               j - +4 ring of protection

@: short of breath
A: breathe fire, AC +7, unfitting armour, fire resistance 1, cold-blooded
a: Breathe Fire, Renounce Religion, Potion Petition, Call Merchant, Bribe Branch


You were on level 7 of the Dungeon.
You worshipped Gozag.
Gozag was pleased with you.
You visited 2 branches of the dungeon, and saw 8 of its levels.
You also visited: Sewer.

You collected 1096 gold pieces.
You spent 380 gold pieces at shops.
You paid 37 gold pieces to Gozag.

Inventory:

Hand Weapons
 a - a +0 long sword (weapon)
Missiles
 c - a throwing net (quivered)
 d - a javelin
Armour
 b - a +0 hat (worn)
 h - a +0 cloak (worn)
 y - a +2 pair of gloves of stealth (worn)
 B - a +2 pair of boots of stealth (worn)
Jewellery
 e - a ring of see invisible (left hand)
 i - a ring of fire
 j - a +4 ring of protection (right hand)
 k - a ring of wizardry
 n - a ring of willpower
 o - an amulet of the acrobat
 p - a ring of flight
 C - an amulet of guardian spirit
Scrolls
 r - a scroll of acquirement {unknown}
 s - 7 scrolls of teleportation
 t - a scroll of immolation {unknown}
 u - a scroll of enchant weapon {unknown}
 v - a scroll of amnesia
 x - 3 scrolls of blinking
Potions
 f - a potion of might
 g - 2 potions of brilliance
 l - 3 potions of lignification
 m - 2 potions of mutation
 q - a potion of invisibility
 w - a potion of haste {unknown}
 z - a potion of attraction


   Skills:
 + Level 7.8 Fighting
 + Level 10.1 Long Blades
 - Level 2.1 Throwing
 + Level 6.9 Dodging


You had 5 spell levels left.
You knew the following spells:

 Your Spells              Type           Power      Damage    Failure   Level
a - Mephitic Cloud        Conj/Pois/Air  0%         N/A       75%         3

Your spell library contained the following spells:

 Spells                   Type           Power      Damage    Failure   Level
 Magic Dart               Conj           0%         1d3       36%         1
 Sting                    Tmut/Pois      0%         1d3       36%         1
 Call Imp                 Summ           0%         N/A       50%         2
 Poisonous Vapours        Pois/Air       0%         N/A       50%         2
 Lesser Beckoning         Tloc           0%         N/A       75%         3
 Portal Projectile        Hex/Tloc       0%         N/A       75%         3
 Olgreb's Toxic Radiance  Pois           0%         N/A       98%         4
 Blade Hands              Tmut           0%         N/A       100%        5
 Excruciating Wounds      Necr           0%         N/A       100%        5
 Dispersal                Tloc           0%         N/A       100%        6


Dungeon Overview and Level Annotations

Branches:
Dungeon (7/15)             Temple (1/1) D:6           Sewer (visited)

Altars:
Ashenzari
Cheibriados
Dithmenos
Elyvilon
Gozag
Hepliaklqana
Makhleb
Nemelex Xobeh
Okawaru
Qazlal
Ru
Trog
Vehumet
Wu Jian
Xom
Yredelemnul
Zin
The Shining One

Shops:
D:3 [


Innate Abilities, Weirdness & Mutations

You can breathe blasts of fire.
Your fiery red scales are hard. (AC +7)
You cannot fit into any form of body armour.
Your flesh is heat resistant. (rF+)
You are cold-blooded and may be slowed by cold attacks.


Message History

The boulder beetle is caught in the net!
The boulder beetle is almost dead.
The boulder beetle struggles against the net.
You hit the boulder beetle but do no damage.
The boulder beetle is almost dead.
The boulder beetle waves its antennae.
The boulder beetle struggles against the net.
You strike the helpless boulder beetle from behind!
You hit the boulder beetle but do no damage.
The boulder beetle is almost dead.
The boulder beetle waves its antennae.
The boulder beetle struggles against the net.
You hit the boulder beetle.
You tail-slap the boulder beetle, but do no damage.
The boulder beetle is almost dead.
The boulder beetle struggles against the net.
You hit the boulder beetle but do no damage.
You tail-slap the boulder beetle, but do no damage.
The boulder beetle is almost dead.
The boulder beetle struggles against the net.
The net rips apart, and the boulder beetle comes free!
You hit the boulder beetle but do no damage.
The boulder beetle is almost dead.
The boulder beetle barely misses you.
You hit the boulder beetle but do no damage.
You tail-slap the boulder beetle, but do no damage.
The boulder beetle is almost dead.
You hit the boulder beetle but do no damage.
You tail-slap the boulder beetle, but do no damage.
The boulder beetle is almost dead.
The boulder beetle misses you.
You hit the boulder beetle but do no damage.
The boulder beetle is almost dead.
The boulder beetle leaps!
The boulder beetle waves its antennae.
The boulder beetle curls into a ball and begins rolling!
The boulder beetle hits you!!!
Ouch! That really hurt!
You die...
Your body crumbles into a pile of gold.

#.......#.#
#.......#.#
#....#..#.###
#....#..#.#.########
.# #...#......# ###
#.#.#......# ##.##
#.#.#..°...# ##...#
###.#..°...# .....#
#.#..B@..# .....#
#.#......# .....#
#.######.# ....##
#......#.# #..##
######.#.# ....###
#.#.# ...##.# #.#.#
....#.## #...#
.......# #####


You could see a boulder beetle (rolling).

Vanquished Creatures
  A kobold demonologist (D:6)
  A hornet (D:7)
  Sigmund (D:2)
  A steam dragon (D:6)
  A water moccasin (D:5)
  An ice beast (D:7)
  2 black bears
  An ogre (D:6)
  3 phantoms
  5 kobold brigands
  5 bullfrogs
  A scorpion (D:6)
  2 necrophages
  6 killer bees (D:7)
  A hound (D:4)
  2 jellies (D:4)
  An orc priest (D:3)
  Jessica (D:2)
  Natasha (twice) (D:2)
  3 orc wizards
  Terence (D:4)
  Robin (D:3)
  5 gnolls (D:6)
  9 adders
  4 river rats (D:6)
  A shadow imp (D:7)
  An ufetubus (D:6)
  6 worms
  A dart slug (D:4)
  8 orcs
  7 endoplasms
  9 giant cockroaches
  9 hobgoblins
  7 iguanas
  2 jackals (D:3)
  7 quokkas
  10 ball pythons
  3 bats
  8 frilled lizards
  15 goblins
  27 kobolds
  9 rats
191 creatures vanquished.

Vanquished Creatures (others)
  A gnoll (D:6)
  57 plants (D:6)
58 creatures vanquished.

Grand Total: 249 creatures vanquished

Notes
Turn   | Place    | Note
-------+----------+-------------------------------------------
     0 | D:1      | KristoblXynda the Draconian Gladiator began the quest for
                  | the Orb.
     0 | D:1      | Reached XP level 1. HP: 17/17 MP: 1/1
   223 | D:1      | Reached XP level 2. HP: 21/24 MP: 2/2
   934 | D:1      | Found a faded altar of an unknown god.
  1005 | D:2      | Noticed Jessica
  1012 | D:2      | Killed Jessica
  1013 | D:2      | Reached XP level 3. HP: 30/30 MP: 3/3
  1283 | D:2      | Reached XP level 4. HP: 37/37 MP: 4/4
  1306 | D:2      | Noticed Sigmund
  1321 | D:2      | Killed Sigmund
  1322 | D:2      | Reached skill level 4 in Long Blades
  1322 | D:2      | Reached XP level 5. HP: 29/45 MP: 5/5
  1710 | D:2      | Noticed Natasha
  1715 | D:2      | Killed Natasha
  1716 | D:2      | Reached XP level 6. HP: 46/52 MP: 6/6
  1717 | D:2      | Reached skill level 5 in Long Blades
  1734 | D:2      | Noticed Natasha
  1741 | D:2      | Killed Natasha
  2021 | D:3      | Noticed Terence
  2389 | D:3      | Found Faedug's Armour Emporium.
  2389 | D:3      | Noticed Robin
  2431 | D:3      | Killed Robin
  2609 | D:3      | Found an opulent altar of Gozag.
  2609 | D:3      | Found an ornate altar of the Wu Jian Council.
  2701 | D:3      | Became a worshipper of Gozag Ym Sagoz the Greedy
  2921 | D:4      | Found a glowing golden altar of the Shining One.
  3022 | D:4      | Found a shimmering altar of Xom.
  3037 | D:4      | Your scales start taking on a fiery red colour.
  3037 | D:4      | Reached XP level 7. HP: 50/60 MP: 7/7
  3037 | D:4      | Gained mutation: Your flesh is heat resistant. (rF+) [Red
                  | Draconian growth]
  3296 | D:4      | Reached skill level 6 in Long Blades
  3497 | D:4      | HP: 3/60 [Terence/+0 mace (7)]
  3498 | D:4      | HP: 1/60 [Terence/+0 mace (2)]
  3499 | D:4      | Killed Terence
  3914 | D:4      | Got Sif Muna's Disquisition on Translocation
  4065 | D:4      | Found a sparkling altar of Nemelex Xobeh.
  4297 | D:5      | Entered Level 5 of the Dungeon
  4373 | D:5      | Reached skill level 5 in Fighting
  4406 | D:5      | Found a glowing drain.
  4423 | Sewer    | Entered a sewer
  4864 | Sewer    | Reached skill level 7 in Long Blades
  4864 | Sewer    | Reached skill level 5 in Dodging
  5068 | D:5      | Reached XP level 8. HP: 68/68 MP: 8/8
  5455 | D:3      | Bought a +2 pair of gloves of stealth for 215 gold pieces
  5455 | D:3      | Bought a +1 pair of boots of stealth for 165 gold pieces
  5514 | D:6      | Learned a level 3 spell: Mephitic Cloud
  5548 | D:6      | Found a staircase to the Ecumenical Temple.
  5582 | Temple   | Entered the Ecumenical Temple
  6167 | D:6      | Reached skill level 8 in Long Blades
  6468 | D:6      | Found a hazy altar of Hepliaklqana.
  6469 | D:6      | Noticed a kobold demonologist
  6670 | D:6      | Found a stormy altar of Qazlal.
  6691 | D:6      | Reached XP level 9. HP: 29/78 MP: 9/9
  7092 | D:6      | Killed a kobold demonologist
  7093 | D:6      | Reached skill level 9 in Long Blades
  7931 | D:7      | Found a broken altar of Ashenzari.
  7950 | D:7      | Reached skill level 10 in Long Blades
  8431 | D:7      | Noticed a boulder beetle
  8493 | D:7      | HP: 4/81 [boulder beetle (20)]
  8514 | D:7      | Annihilated by a boulder beetle

Illustrated notes

Levels and vault maps discovered:
D:1:      elethiomel_arrival_shortcut, layout_rooms,
          dreamdust_ecumenical_altar_statues,
          nicolae_concentric_dashed_squares_mild, grunt_decor_fettered,
          ebering_dispersal_statue_hall
D:2:      layout_loops_ring, amcnicky_mini_corridor_feature,
          hangedman_abyss_or_decor_lesser_grid, minmay_misc_feat_tower,
          grunt_decor_one_mirror, uniq_jessica, uniq_sigmund, uniq_natasha
D:3:      layout_rooms, gammafunk_temple_overflow_elements, serial_shops,
          nicolae_shop_stone, minmay_misc_feat_chi, uniq_robin, uniq_terence
D:4:      layout_layer_cave, dk_xom_monty_hall, nicolae_tso_swordbearing_angel,
          nemelex_spade_bored_becter, grunt_ministairs_14
D:5:      layout_basic, cheibrodos_sewer_entry_bend, kennysheep_another_room,
          serial_bayou_pond_e
D:6:      wad_woods_stonehenge, layout_basic, nicolae_overflow_hidden_temple,
          temple_pool_b
D:7:      layout_cave_pools, ashenzari_altar_1, serial_co_window_serial,
          co_window_corner_a, co_window_paths_a, co_window_paths_a,
          co_window_paths_a, co_window_corner_a, co_window_paths_b,
          co_window_of_opportunity_a, co_window_unsneaky_path_a,
          co_window_unsneaky_path_a, co_window_paths_c, co_window_corner_b,
          co_window_corner_cb, co_window_unsneaky_path_d
Temple:   minmay_temple_curvy_loop

Skill      XL: |  1  2  3  4  5  6  7  8  9 |
---------------+----------------------------+-----
Dodging        | 3 4 5 6 |  6.9
Throwing       | 2 |  2.1
Fighting       | 3 4 5 6 7 |  7.8
Long Blades    | 4 5 7 8 10 | 10.1

Action                   |  1- 3 |  4- 6 |  7- 9 || total
-------------------------+-------+-------+-------++-------
Melee: Long sword        |   101 |   185 |   544 ||   830
       Tailslap          |    11 |    24 |    75 ||   110
       Punch             |       |     1 |     7 ||     8
Throw: Throwing net      |       |     1 |     2 ||     3
 Abil: Breathe Fire      |       |       |    12 ||    12
  Use: Potion            |       |     1 |     6 ||     7
       Scroll            |       |       |    15 ||    15
 Stab: Held in net/web   |       |     3 |     1 ||     4
       Sleeping          |       |     2 |     4 ||     6
       Distracted        |       |       |     3 ||     3
Armor: Skin              |    42 |    61 |   256 ||   359
Dodge: Dodged            |    62 |   103 |   417 ||   582

Table legend: (Time is in decaauts)
 A = Elapsed time spent in this place.
 B = Non-inter-level travel time spent in this place.
 C = Inter-level travel time spent in this place.
 D = Time resting spent in this place.
 E = Time spent auto-exploring this place.
 F = Levels seen in this place.
 G = Mean time per level.
                   A        B        C        D        E       F      G
               +--------+--------+--------+--------+--------+-----+--------+
         Total |   8633 |   8321 |    312 |   1338 |   4923 |   9 |  959.2 |
       Dungeon |   7918 |   7629 |    289 |   1169 |   4691 |   7 | 1131.1 |
        Temple |    216 |    193 |     23 |      0 |    188 |   1 |  216.0 |
         Sewer |    498 |    498 |      0 |    169 |     43 |   1 |  498.0 |
               +--------+--------+--------+--------+--------+-----+--------+

Top non-repeatable levels by time:
     D:4: 1622 daAuts
     D:6: 1522 daAuts
     D:7: 1272 daAuts
     D:1: 1012 daAuts
     D:2: 994 daAuts
     D:3: 813 daAuts
     D:5: 680 daAuts
   Sewer: 498 daAuts
  Temple: 216 daAuts
